 Dungeon Crawl Stone Soup version 0.13-a0-2477-geaae114 (webtiles) character file.

90 Gabry the Shield-Bearer (level 3, -4/33 HPs)
             Began as a Hill Orc Fighter on July 19, 2013.
             Was an Initiate of Trog.
             Killed by divine providence
             ... invoked by an orc priest
              (14 damage)
             ... on Level 3 of the Dungeon.
             The game lasted 00:10:40 (1153 turns).

Gabry the Shield-Bearer (Hill Orc Fighter)          Turns: 1153, Time: 00:10:40

HP  -4/33        AC  8     Str 18      XL: 3   Next: 72%
MP   2/2         EV  6     Int  8      God: Trog [......]
Gold 42          SH 19     Dex 11      Spells:  0 memorised,  2 levels left

Res.Fire  : . . .   See Invis. : .   v - +2,+1 spear (distort) (curse)
Res.Cold  : . . .   Warding    : .   b - +0 orc scale mail
Life Prot.: . . .   Conserve   : .   c - +0 orc shield
Res.Poison: .       Res.Corr.  : .   (no helmet)
Res.Elec. : .       Clarity    : .   (no cloak)
Sust.Abil.: . .     Spirit.Shd : .   s - +0 pair of gauntlets
Res.Mut.  : .       Stasis     : .   (no boots)
Res.Rott. : .       Flight     : .   (no amulet)
Saprovore : + . .                    (no ring)
                                     (no ring)

@: not resistant to hostile enchantments, extremely unstealthy
A: saprovore 1
a: Burn Spellbooks, Renounce Religion, Convert to Beogh


You were on level 3 of the Dungeon.
You worshipped Trog.
Trog was pleased with you.
You were full.

You visited 1 branch of the dungeon, and saw 3 of its levels.

You collected 22 gold pieces.

Inventory:

Hand weapons
 a - a +0,+0 orcish mace
 j - a -1,+0 orcish dagger (quivered)
 k - a +0,+0 short sword
 n - a +0,+0 short sword
 r - a +0,+0 whip
 v - a cursed +2,+1 spear of distortion (weapon)
Armour
 b - a +0 orcish scale mail (worn)
 c - a +0 orcish shield (worn)
 q - a +0 scale mail
 s - a +0 pair of gauntlets (worn)
 u - a +0 chain mail
Scrolls
 d - a scroll of magic mapping {unknown}
 e - a scroll of noise
Potions
 f - a potion of might
 g - a potion of flight {unknown}
 h - a potion of heal wounds {unknown}
 i - a potion of curing
 p - a potion of brilliance {unknown}


   Skills:
 + Level 3.9 Fighting
 + Level 2.4 Maces & Flails
 + Level 3.7 Armour
 + Level 1.0 Dodging
 + Level 4.0 Shields


You had 2 spell levels left.
You didn't know any spells.

Dungeon Overview and Level Annotations

Branches:
Dungeon (3/27)

Altars:
Elyvilon
Trog


Innate Abilities, Weirdness & Mutations

You can tolerate rotten meat.


Message History

(press a Y to convert to Beogh)
The orc priest shouts!
You hear a shout!
You hear a shout!
You hear a shout!
An orc priest comes into view.
The orc priest becomes somewhat translucent.
You block the orc priest's attack.
Found a stone staircase leading up.
A rat comes into view.
A kobold comes into view. It is wielding a glowing short sword.
The orc priest hits you but does no damage.
You block the orc priest's attack.
An orc comes into view. It is wielding an orcish short sword.
The orc priest mumbles some strange prayers to Beogh against you.
Something smites you!
The orc priest calls down the wrath of Beogh upon you.
Something smites you!
* * * LOW HITPOINT WARNING * * *
The orc priest's eyes start to glow.
The orc priest calls down the wrath of Beogh upon you.
Something smites you!
You die...

####..........
#.......#####
#...%...#
#.......#
#.......####
#......[....
#.......####
#.......#
###@#.###
#.#.# #.#.#
#####.#..
#.o.o.# #
#o##### #.#
#o# #o#


You could see an orc priest.

Vanquished Creatures
  An adder (D:2)
  2 giant geckos
  2 bats
  7 hobgoblins
  7 jackals
  3 kobolds
  A quokka (D:2)
  2 goblins (D:1)
  6 rats
31 creatures vanquished.

Vanquished Creatures (others)
  A bat (D:2)
1 creature vanquished.

Grand Total: 32 creatures vanquished

Notes
Turn   | Place    | Note
--------------------------------------------------------------
     0 | D:1      | Gabry, the Hill Orc Fighter, began the quest for the Orb.
     0 | D:1      | Reached XP level 1. HP: 19/19 MP: 0/0
    88 | D:1      | Reached XP level 2. HP: 21/26 MP: 1/1
   406 | D:2      | Found a bloodstained altar of Trog.
   406 | D:2      | Found a white marble altar of Elyvilon.
   422 | D:2      | Became a worshipper of Elyvilon the Healer
   429 | D:2      | Fell from the grace of Elyvilon
   429 | D:2      | Became a worshipper of Trog the Wrathful
   534 | D:2      | Reached XP level 3. HP: 31/33 MP: 2/2
  1033 | D:2      | Reached skill level 1 in Dodging
  1033 | D:2      | Reached skill level 4 in Shields
  1153 | D:3      | Killed from afar by an orc priest

Action                   || total
-------------------------++-------
Melee: Mace              ||    76
       Spear             ||    22
  Use: Scroll            ||     9
       Potion            ||     2
